 Dungeon Crawl Stone Soup version 0.26-a0-466-g989023bd0d (webtiles) character file.

Game seed: 13074509637789932513

53 HoaS the Ruffian (level 3, -4/29 HPs)
             Began as a Ghoul Gladiator on Aug 9, 2020.
             Slain by Edmund
             ... wielding a +2 flail of protection
              (7 damage)
             ... on level 4 of the Dungeon.
             The game lasted 00:03:17 (1309 turns).

HoaS the Ruffian (Ghoul Gladiator)                  Turns: 1309, Time: 00:03:17

Health: -4/29      AC:  7    Str: 18    XL:     3   Next: 89%
Magic:  2/2        EV: 10    Int:  3    God:
Gold:   104        SH:  0    Dex: 10    Spells: 2/2 levels left

rFire    . . .     SeeInvis .     - Unarmed
rCold    + . .     Faith    .   (no shield)
rNeg     + + +     Spirit   .   d - +0 scale mail
rPois    ∞         Reflect  .   b - +0 helmet
rElec    .         Harm     .   (no cloak)
rCorr    .                      (no gloves)
MR       .....                  (no boots)
Stlth    ..........             (no amulet)
HPRegen  0.00/turn              (no ring)
MPRegen  0.08/turn              (no ring)

@: no status effects
A: rotting body, claws 1, cold resistance 1, negative energy resistance 3,
inhibited regeneration, torment resistance, unbreathing
a: no special abilities


You were on level 4 of the Dungeon.
You visited 1 branch of the dungeon, and saw 3 of its levels.

You collected 104 gold pieces.

Inventory:

Armour
 b - a +0 helmet (worn)
 d - a +0 scale mail (worn)
Scrolls
 a - a scroll of identify
Potions
 e - a potion of haste {unknown}
 f - a potion of curing {unknown}
 g - a potion of stabbing {unknown}
 h - a potion of magic {unknown}


   Skills:
 - Level 2.1 Fighting
 - Level 1.7 Throwing
 - Level 2.6 Dodging
 + Level 5.1 Unarmed Combat


You had 2 spell levels left.
You didn't know any spells.
Your spell library was empty.

Dungeon Overview and Level Annotations

Branches:
Dungeon (2/15)

Altars:

Annotations:
D:4 Edmund, Pikel


Innate Abilities, Weirdness & Mutations

Your body is rotting away.
You thrive by killing the living.
You are immune to poison.
You have sharp fingernails.
Your flesh is cold resistant. (rC+)
You are immune to negative energy. (rN+++)
You do not regenerate when monsters are visible.
You are immune to unholy pain and torment.
You can survive without breathing.


Message History

* * * LOW HITPOINT WARNING * * *
You scratch Edmund.
Edmund is heavily wounded.
Edmund hits you but does no damage.
Your magical contamination has completely faded away.
You barely miss Edmund.
Edmund is heavily wounded.
Edmund closely misses you.
You scratch Edmund.
Edmund is severely wounded.
You scratch Edmund.
Edmund is severely wounded.
Edmund hits you but does no damage.
You scratch Edmund but do no damage.
Edmund is severely wounded.
Edmund hits you but does no damage.
You closely miss Edmund.
Edmund is severely wounded.
Edmund hits you with a +2 flail of protection!
You die...

#### #..# #.## .##
####### .#
#########.....#### ##
##................#.
#####.....##.#..@.<..<..
##.....#..#......@......
#......#......#........#
.......##.#..##........#
.......#.###.###.......#
.............# ###...(##
.............# ..[.#
..............# .####
..............#


You could see Edmund.

Vanquished Creatures
  A lemure (D:4)
  2 adders (D:2)
  3 dart slugs
  4 leopard geckos (D:1)
  3 bats
  2 giant cockroaches
  2 goblins
  A hobgoblin (D:1)
  A quokka (D:2)
  A frilled lizard (D:1)
  2 kobolds
  A quokka skeleton (D:4)
  3 rats (D:1)
26 creatures vanquished.

Vanquished Creatures (others)
  A bat (D:2)
1 creature vanquished.

Grand Total: 27 creatures vanquished

Notes
Turn   | Place    | Note
-------+----------+-------------------------------------------
     0 | D:1      | HoaS the Ghoul Gladiator began the quest for the Orb.
     0 | D:1      | Reached XP level 1. HP: 17/17 MP: 0/0
   256 | D:1      | Reached XP level 2. HP: 21/24 MP: 1/1
   317 | D:1      | Reached skill level 4 in Unarmed Combat
   706 | D:2      | Reached XP level 3. HP: 28/29 MP: 2/2
   865 | D:2      | Reached skill level 5 in Unarmed Combat
   902 | D:2      | Noticed a centaur
   905 | D:2      | You fall into a shaft and drop 2 floors!
  1064 | D:4      | Noticed a lemure
  1065 | D:4      | Noticed Pikel
  1102 | D:4      | Killed a lemure
  1276 | D:4      | Noticed Edmund
  1309 | D:4      | Slain by Edmund

Illustrated notes

Levels and vault maps discovered:
D:1:      lightli_arrival_flooded_house, layout_rooms, minmay_misc_feat_ornament
D:2:      layout_rooms, okawaru_metal_pillars_1_2
D:4:      layout_cave_pods, yredelemnul_forgotten_temple_becter,
          gammafunk_temple_overflow_elements, minmay_misc_feat_square,
          lemuel_angel_altar, uniq_pikel, uniq_edmund

Skill      XL: |  1  2  3 |
---------------+----------+-----
Unarmed Combat | 4 5 |  5.1
Fighting       | |  2.1
Throwing       | |  1.7
Dodging        | |  2.6

Action                   || total
-------------------------++-------
Melee: Unarmed           ||   107
       Punch             ||     2
Throw: Throwing net      ||     3
  Use: Scroll            ||     7
 Stab: Held in net/web   ||     2
Armor: Leather armour    ||     8
       Scale mail        ||    22
Dodge: Dodged            ||    51

Table legend: (Time is in decaauts)
 A = Elapsed time spent in this place.
 B = Non-inter-level travel time spent in this place.
 C = Inter-level travel time spent in this place.
 D = Time resting spent in this place.
 E = Time spent auto-exploring this place.
 F = Levels seen in this place.
 G = Mean time per level.
                   A        B        C        D        E       F      G
               +--------+--------+--------+--------+--------+-----+--------+
         Total |   1299 |   1257 |     42 |    495 |    498 |   3 |  433.0 |
       Dungeon |   1299 |   1257 |     42 |    495 |    498 |   3 |  433.0 |
               +--------+--------+--------+--------+--------+-----+--------+

Top non-repeatable levels by time:
     D:1: 684 daAuts
     D:4: 400 daAuts
     D:2: 214 daAuts
